TOP OF THE 1ST |
San Francisco Bandits batting - Pitching for New Orleans Looters : RHP Jorge Ruíz
|
Pitching: RHP Jorge Ruíz
|
|
Batting: RHB Pete Rideout
|
0-0: Ball 1-0: Called Strike 1-1: Swinging Strike 1-2: Foul Ball, location: 2F 1-2: Ball 2-2: Strikes out swinging
|
Batting: LHB Germán Rivas
|
0-0: Ball 1-0: Foul Ball, location: 2F 1-1: Called Strike 1-2: Ball 2-2: Fly out, F7 (Flyball, 7S)
|
Batting: RHB Cory Foster
|
0-0: Ball 1-0: Ball 2-0: Ball 3-0: Base on Balls
|
Batting: LHB Francisco Calderón
|
0-0: Ball 1-0: Ball 2-0: Swinging Strike 2-1: Foul Ball, location: 2F 2-2: Fly out, F7 (Flyball, 78S)
|
Top of the 1st over - 0 run(s), 0 hit(s), 0 error(s), 1 left on base; San Francisco 0 - New Orleans 0 |
BOTTOM OF THE 1ST |
New Orleans Looters batting - Pitching for San Francisco Bandits : LHP Tomiji Takuda
|
Pitching: LHP Tomiji Takuda
|
|
Batting: RHB Francisco Ibarra
|
0-0: Ground out 4-3 (Groundball, 4M)
|
Batting: RHB José Mora
|
0-0: Ground out 5-3 (Groundball, 56)
|
Batting: RHB Luis Alou
|
0-0: Ball 1-0: Foul Ball, location: 2F 1-1: Swinging Strike 1-2: Ball 2-2: Foul Ball, location: 2F 2-2: Ball 3-2: Foul Ball, location: 2F 3-2: Ground out 6-3 (Groundball, 6M)
|
Bottom of the 1st over - 0 run(s), 0 hit(s), 0 error(s), 0 left on base; San Francisco 0 - New Orleans 0 |
TOP OF THE 2ND |
San Francisco Bandits batting - Pitching for New Orleans Looters : RHP Jorge Ruíz
|
Batting: RHB Michael Elliott
|
0-0: Ball 1-0: Called Strike 1-1: Ball 2-1: Called Strike 2-2: Ball 3-2: Base on Balls
|
Batting: LHB John Peterson
|
0-0: Called Strike 0-1: Ball 1-1: Called Strike 1-2: Strikes out looking
|
Batting: SHB Vicente Ricks
|
0-0: Called Strike Michael Elliott steals 2nd base 0-1: Ball 1-1: Ball 2-1: Foul Ball, location: 2F 2-2: Ball 3-2: Ground out 4-3 (Groundball, 34) Michael Elliott to third
|
Batting: RHB Jorge Díaz
|
0-0: Foul Ball, location: 2F 0-1: Foul Ball, location: 2F 0-2: Foul Ball, location: 2F 0-2: Foul Ball, location: 2F 0-2: Ball 1-2: Foul Ball, location: 2F 1-2: Ball 2-2: Strikes out swinging
|
Top of the 2nd over - 0 run(s), 0 hit(s), 0 error(s), 1 left on base; San Francisco 0 - New Orleans 0 |
BOTTOM OF THE 2ND |
New Orleans Looters batting - Pitching for San Francisco Bandits : LHP Tomiji Takuda
|
Batting: SHB Oliver Deleón
|
0-0: Ball 1-0: Ground out 5-3 (Groundball, 5)
|
Batting: RHB Stephen Shaw
|
0-0: Ball 1-0: Swinging Strike 1-1: SINGLE (Groundball, 56D)
|
Batting: RHB Dominic Turner
|
0-0: Ball 1-0: DOUBLE (Flyball, 8LXD) Stephen Shaw to third
|
Pitching: RHP Carlos Ruíz
|
|
Batting: RHB António Yánez
|
0-0: Ball 1-0: Ball 2-0: Ball 3-0: Base on Balls
|
Batting: SHB Toshinobu Tanaka
|
0-0: Ball 1-0: Ball 2-0: Ball 3-0: Base on Balls Stephen Shaw scores Dominic Turner to third António Yánez to second
|
Batting: RHB Diego Rivera
|
0-0: Called Strike 0-1: Ball 1-1: Ball 2-1: Called Strike 2-2: Grounds into fielders choice 1-2 (Groundball, 13S) António Yánez to third Toshinobu Tanaka to second
|
Batting: RHB Francisco Ibarra
|
0-0: DOUBLE (Line Drive, 7D) António Yánez scores Toshinobu Tanaka scores Diego Rivera to third
|
Batting: RHB José Mora
|
0-0: Ball 1-0: Ball 2-0: Called Strike 2-1: Ball 3-1: Fly out, F9 (Flyball, 9M)
|
Bottom of the 2nd over - 3 run(s), 3 hit(s), 0 error(s), 2 left on base; San Francisco 0 - New Orleans 3 |
TOP OF THE 3RD |
San Francisco Bandits batting - Pitching for New Orleans Looters : RHP Jorge Ruíz
|
Batting: RHB Culley Douglas
|
0-0: Ball 1-0: Called Strike 1-1: Called Strike 1-2: Fly out, F8 (Flyball, 78XD)
|
Batting: RHB Pete Rideout
|
0-0: Swinging Strike 0-1: Foul Ball, location: 2F 0-2: Ball 1-2: Ball 2-2: Strikes out swinging
|
Batting: LHB Germán Rivas
|
0-0: SINGLE (Groundball, 56D)
|
Batting: RHB Cory Foster
|
0-0: Called Strike 0-1: Ball 1-1: Fly out, F3 (Popup, 3F)
|
Top of the 3rd over - 0 run(s), 1 hit(s), 0 error(s), 1 left on base; San Francisco 0 - New Orleans 3 |
BOTTOM OF THE 3RD |
New Orleans Looters batting - Pitching for San Francisco Bandits : RHP Carlos Ruíz
|
Pitching: RHP José Rivera
|
|
Batting: RHB Luis Alou
|
0-0: Ball 1-0: Ball 2-0: Ball 3-0: Base on Balls
|
Batting: SHB Oliver Deleón
|
0-0: Swinging Strike 0-1: Reached on error, E1 (Groundball, 25) Luis Alou to second
|
Batting: RHB Stephen Shaw
|
0-0: Foul Ball, location: 2F 0-1: Ball 1-1: Foul Ball, location: 2F 1-2: Ball 2-2: Grounds into double play, 2-6-3 (Groundball, 2L) Luis Alou to third
|
Batting: RHB Dominic Turner
|
0-0: Ball 1-0: Ball 2-0: SINGLE (Groundball, 34) Luis Alou scores
|
Pitching: RHP Pedro Castillo
|
|
Batting: RHB António Yánez
|
0-0: Ball 1-0: Called Strike 1-1: Ground out 5-3 (Groundball, 5S)
|
Bottom of the 3rd over - 1 run(s), 1 hit(s), 1 error(s), 1 left on base; San Francisco 0 - New Orleans 4 |
TOP OF THE 4TH |
San Francisco Bandits batting - Pitching for New Orleans Looters : RHP Jorge Ruíz
|
Batting: LHB Francisco Calderón
|
0-0: Ball 1-0: Ground out 6-3 (Groundball, 6M)
|
Batting: RHB Michael Elliott
|
0-0: Swinging Strike 0-1: Ball 1-1: Foul Ball, location: 2F 1-2: Strikes out swinging
|
Batting: LHB John Peterson
|
0-0: Ground out 6-3 (Groundball, 6M)
|
Top of the 4th over - 0 run(s), 0 hit(s), 0 error(s), 0 left on base; San Francisco 0 - New Orleans 4 |
BOTTOM OF THE 4TH |
New Orleans Looters batting - Pitching for San Francisco Bandits : RHP Pedro Castillo
|
Batting: SHB Toshinobu Tanaka
|
0-0: Fly out, F6 (Line Drive, 6)
|
Batting: RHB Diego Rivera
|
0-0: Ball 1-0: Ball 2-0: Ball 3-0: Called Strike 3-1: Fly out, F7 (Flyball, 78XD)
|
Pitching: RHP Mal Park
|
|
Batting: RHB Francisco Ibarra
|
0-0: Called Strike 0-1: Ball 1-1: Ball 2-1: Ball 3-1: Base on Balls
|
Batting: RHB José Mora
|
0-0: Ball Francisco Ibarra is caught stealing 2nd base
|
Bottom of the 4th over - 0 run(s), 0 hit(s), 0 error(s), 0 left on base; San Francisco 0 - New Orleans 4 |
TOP OF THE 5TH |
San Francisco Bandits batting - Pitching for New Orleans Looters : RHP Jorge Ruíz
|
Batting: SHB Vicente Ricks
|
0-0: Ground out U3 (Groundball, 3L)
|
Batting: RHB Jorge Díaz
|
0-0: SINGLE (Groundball, 56D)
|
Batting: RHB Culley Douglas
|
0-0: Called Strike 0-1: Ball 1-1: Foul Ball, location: 2F 1-2: Strikes out swinging
|
Batting: RHB Pete Rideout
|
0-0: Foul Ball, location: 2F 0-1: Ground out 5-3 (Groundball, 5)
|
Top of the 5th over - 0 run(s), 1 hit(s), 0 error(s), 1 left on base; San Francisco 0 - New Orleans 4 |
BOTTOM OF THE 5TH |
New Orleans Looters batting - Pitching for San Francisco Bandits : RHP Mal Park
|
Batting: RHB José Mora
|
0-0: Ball 1-0: Swinging Strike 1-1: Ground out 6-3 (Groundball, 6MD)
|
Batting: RHB Luis Alou
|
0-0: Fly out, F9 (Flyball, 9M)
|
Batting: SHB Oliver Deleón
|
0-0: Ball 1-0: Ball 2-0: Foul Ball, location: 2F 2-1: Ball 3-1: SOLO HOME RUN (Flyball, 78XD), Distance : 411 ft
|
Batting: RHB Stephen Shaw
|
0-0: Ball 1-0: Foul Ball, location: 2F 1-1: Called Strike 1-2: Ball 2-2: SINGLE (Line Drive, 78S)
|
Batting: RHB Dominic Turner
|
0-0: Foul Ball, location: 2F 0-1: Ball 1-1: Ball 2-1: Ball 3-1: Base on Balls Stephen Shaw to second
|
Batting: RHB António Yánez
|
0-0: Called Strike 0-1: Ball 1-1: Ball 2-1: Ball 3-1: Base on Balls Stephen Shaw to third Dominic Turner to second
|
Batting: SHB Toshinobu Tanaka
|
0-0: Called Strike 0-1: Ground out 1-3 (Groundball, 23)
|
Bottom of the 5th over - 1 run(s), 2 hit(s), 0 error(s), 3 left on base; San Francisco 0 - New Orleans 5 |
TOP OF THE 6TH |
San Francisco Bandits batting - Pitching for New Orleans Looters : RHP Jorge Ruíz
|
Batting: LHB Germán Rivas
|
0-0: Called Strike 0-1: Ball 1-1: Foul Ball, location: 2F 1-2: Ball 2-2: Foul Ball, location: 2F 2-2: Foul Ball, location: 2F 2-2: Foul Ball, location: 2F 2-2: Strikes out swinging
|
Batting: RHB Cory Foster
|
0-0: Called Strike 0-1: Ball 1-1: Foul Ball, location: 2F 1-2: DOUBLE (Line Drive, 7LS)
|
Batting: LHB Francisco Calderón
|
0-0: Ball 1-0: Fly out, F9 (Line Drive, 9M)
|
Batting: RHB Michael Elliott
|
0-0: Ground out 4-3 (Groundball, 4M)
|
Top of the 6th over - 0 run(s), 1 hit(s), 0 error(s), 1 left on base; San Francisco 0 - New Orleans 5 |
BOTTOM OF THE 6TH |
New Orleans Looters batting - Pitching for San Francisco Bandits : RHP Mal Park
|
Batting: RHB Diego Rivera
|
0-0: Ball 1-0: Ball 2-0: Called Strike 2-1: Ball 3-1: Called Strike 3-2: Base on Balls
|
Batting: RHB Francisco Ibarra
|
0-0: Ball 1-0: Foul Ball, location: 2F 1-1: SINGLE (Flyball, 8RS) Diego Rivera to second
|
Batting: RHB José Mora
|
0-0: Grounds into double play, 5-4-3 (Groundball, 56) Diego Rivera to third
|
Batting: RHB Luis Alou
|
0-0: Ball 1-0: Ball 2-0: 2-RUN HOME RUN (Flyball, 9LD), Distance : 347 ft
|
Batting: SHB Oliver Deleón
|
0-0: Called Strike 0-1: SINGLE (Groundball, 4M)
|
Batting: RHB Stephen Shaw
|
0-0: Called Strike 0-1: Swinging Strike 0-2: SINGLE (Line Drive, 78S) Oliver Deleón to second
|
Batting: RHB Dominic Turner
|
0-0: SINGLE (Groundball, 34D) Oliver Deleón to third Stephen Shaw to second Runner from 3rd tries for Home, SAFE, throw made home Stephen Shaw to third Dominic Turner to second
|
Batting: RHB António Yánez
|
0-0: Fly out, F9 (Flyball, 9S)
|
Bottom of the 6th over - 3 run(s), 5 hit(s), 0 error(s), 2 left on base; San Francisco 0 - New Orleans 8 |
TOP OF THE 7TH |
San Francisco Bandits batting - Pitching for New Orleans Looters : RHP Jorge Ruíz
|
Batting: LHB John Peterson
|
0-0: Ball 1-0: Foul Ball, location: 2F 1-1: Ground out 3-1 (Groundball, 34)
|
Batting: SHB Vicente Ricks
|
0-0: Called Strike 0-1: Fly out, F7 (Flyball, 78XD)
|
Batting: RHB Jorge Díaz
|
0-0: Ball 1-0: Ball 2-0: SINGLE (Line Drive, 8LS)
|
Batting: RHB Culley Douglas
|
0-0: Ball Reached via error on a dropped throw, E3 Jorge Díaz to second
|
Batting: RHB Pete Rideout
|
0-0: Called Strike 0-1: Foul Ball, location: 2F 0-2: Strikes out swinging
|
Top of the 7th over - 0 run(s), 1 hit(s), 1 error(s), 2 left on base; San Francisco 0 - New Orleans 8 |
BOTTOM OF THE 7TH |
New Orleans Looters batting - Pitching for San Francisco Bandits : RHP Mal Park
|
Batting: SHB Toshinobu Tanaka
|
0-0: Fly out, F5 (Popup, 5SF)
|
Batting: RHB Diego Rivera
|
0-0: Ball 1-0: Ball 2-0: Foul Ball, location: 2F 2-1: Foul Ball, location: 2F 2-2: Ground out 6-3 (Groundball, 6)
|
Batting: RHB Francisco Ibarra
|
0-0: Ball 1-0: SINGLE (Groundball, 34D) (infield hit)
|
Batting: RHB José Mora
|
0-0: Ball 1-0: Ball 2-0: Foul Ball, location: 2F 2-1: Ball 3-1: Fly out, F8 (Flyball, 89XD)
|
Bottom of the 7th over - 0 run(s), 1 hit(s), 0 error(s), 1 left on base; San Francisco 0 - New Orleans 8 |
TOP OF THE 8TH |
San Francisco Bandits batting - Pitching for New Orleans Looters : RHP Jorge Ruíz
|
Batting: LHB Germán Rivas
|
0-0: Ball 1-0: Called Strike 1-1: Ground out 5-3 (Groundball, 56)
|
Batting: RHB Cory Foster
|
0-0: Ball 1-0: Ground out 4-3 (Groundball, 4M)
|
Pinch Hitting: RHB Andrew Benson
|
0-0: Ball 1-0: Called Strike 1-1: Swinging Strike 1-2: Foul Ball, location: 2F 1-2: Foul Ball, location: 2F 1-2: Strikes out looking
|
Top of the 8th over - 0 run(s), 0 hit(s), 0 error(s), 0 left on base; San Francisco 0 - New Orleans 8 |
BOTTOM OF THE 8TH |
New Orleans Looters batting - Pitching for San Francisco Bandits : LHP António Coronado
|
Pitching: LHP António Coronado
|
|
Now at 1B: Andrew Benson
|
|
Batting: RHB Luis Alou
|
0-0: Ball 1-0: DOUBLE (Flyball, 8RXD)
|
Batting: SHB Oliver Deleón
|
0-0: Called Strike 0-1: Foul Ball, location: 2F 0-2: Strikes out looking
|
Batting: RHB Stephen Shaw
|
0-0: Ball 1-0: Ball 2-0: Called Strike 2-1: Ball 3-1: Called Strike 3-2: Base on Balls
|
Batting: RHB Dominic Turner
|
0-0: Grounds into double play, 4-6-3 (Groundball, 4)
|
Bottom of the 8th over - 0 run(s), 1 hit(s), 0 error(s), 1 left on base; San Francisco 0 - New Orleans 8 |
TOP OF THE 9TH |
San Francisco Bandits batting - Pitching for New Orleans Looters : RHP Jorge Ruíz
|
Batting: RHB Michael Elliott
|
0-0: Called Strike 0-1: Ball 1-1: Ground out 6-3 (Groundball, 6M)
|
Pitching: RHP Keith Harper
|
|
Batting: LHB John Peterson
|
0-0: Ground out U3 (Groundball, 3L)
|
Batting: SHB Vicente Ricks
|
0-0: Called Strike 0-1: Ball 1-1: Ball 2-1: SINGLE (Line Drive, 4)
|
Batting: RHB Jorge Díaz
|
0-0: Swinging Strike 0-1: Foul Ball, location: 2F 0-2: Foul Ball, location: 2F 0-2: Foul Ball, location: 2F 0-2: Ball 1-2: Strikes out swinging
|
Top of the 9th over - 0 run(s), 1 hit(s), 0 error(s), 1 left on base; San Francisco 0 - New Orleans 8 |
|